 Dungeon Crawl Stone Soup version 0.28-a0-1415-g7c84da036a (webtiles) character file.

Game seed: 11537741733446734013

25 croobank the Skirmisher (level 3, -5/29 HPs)
             Began as a Formicid Abyssal Knight on Jan 7, 2022.
             Was a Follower of Lugonu.
             Slain by a worm (7 damage)
             ... on level 2 of the Dungeon.
             The game lasted 00:03:58 (1018 turns).

croobank the Skirmisher (Formicid Abyssal Knight)   Turns: 1018, Time: 00:03:58

Health: -5/29      AC:  3    Str: 17    XL:     3   Next: 20%
Magic:  4/4        EV: 11    Int: 11    God:    Lugonu [*.....]
Gold:   60         SH:  0    Dex: 11    Spells: 2/2 levels left

rFire   . . .      SeeInvis +   a - +1 hand axe
rCold   . . .      Faith    .   (no shield)
rNeg    . . .      Spirit   .   b - +0 leather armour
rPois   .          Reflect  .   (helmet unavailable)
rElec   .          Harm     .   (no cloak)
rCorr   .          Rampage  .   (no gloves)
Will    .....                   (no boots)
Stlth   +.........              (no amulet)
HPRegen 0.09/turn               (no ring)
MPRegen 0.09/turn               (no ring)

@: no status effects
A: permanent stasis, dig shafts and tunnels, antennae 3, four strong arms
a: Dig, Shaft Self, Renounce Religion, Depart the Abyss


You were on level 2 of the Dungeon.
You worshipped Lugonu.
Lugonu was aware of your devotion.
You visited 1 branch of the dungeon, and saw 2 of its levels.
You visited the Abyss 1 time.

You collected 60 gold pieces.

Inventory:

Hand Weapons
 a - a +1 hand axe (weapon)
 e - a +0 dagger of electrocution
Missiles
 d - 18 sling bullets
Armour
 b - a +0 leather armour (worn)
 c - a +0 chain mail
Scrolls
 f - 2 scrolls of identify {unknown}
 h - a scroll of enchant armour {unknown}
 i - a scroll of brand weapon {unknown}
 k - a scroll of enchant weapon {unknown}
Potions
 g - a potion of heal wounds {unknown}
 j - a potion of ambrosia {unknown}
 l - 2 potions of mutation {unknown}


   Skills:
 + Level 3.5 Fighting
 + Level 2.3 Axes
 + Level 2.5 Armour
 + Level 1.3 Dodging
 + Level 2.6 Invocations


You had 2 spell levels left.
You didn't know any spells.
Your spell library contained the following spells:

 Spells                   Type           Power      Damage    Failure   Level
 Sublimation of Blood     Necr           0%         N/A       54%         2
 Petrify                  Tmut/Erth      0%         N/A       99%         4
 Irradiate                Conj/Tmut      0%         3d13      100%        5


Dungeon Overview and Level Annotations

Branches:
Dungeon (2/15)

Altars:


Innate Abilities, Weirdness & Mutations

You cannot be hasted, slowed, berserked, paralysed or teleported.
You can dig through walls and to a lower floor.
You have a pair of large antennae on your head. (SInv)
Your four strong arms can wield two-handed weapons with a shield.


Message History

You climb downwards.
Found a book of Alchemy, a scroll labelled WECYFE TAVETH and 2 grey potions.
There is a stone staircase leading up here.
You pick up a book of Alchemy and begin reading...
You add the spells Sublimation of Blood, Petrify and Irradiate to your library.
There are no items here.
Okay, then.
k - a scroll labelled WECYFE TAVETH
Found an escape hatch in the ceiling.
l - 2 grey potions
Found a stone staircase leading down.
Found a stone staircase leading down.
You now have 60 gold pieces (gained 6).
There is a stone staircase leading down here.
A worm comes into view.
Found a black potion.
You hit the worm.
The worm is lightly wounded.
The worm bites you but does no damage.
You hit the worm.
The worm is moderately wounded.
You barely miss the worm.
The worm is moderately wounded.
The worm bites you but does no damage.
You hit the worm.
The worm is moderately wounded.
The worm bites you!
You completely miss the worm.
The worm is moderately wounded.
You barely miss the worm.
The worm is moderately wounded.
The worm bites you!
You hit the worm.
The worm is moderately wounded.
The worm bites you!
* * * LOW HITPOINT WARNING * * *
You slash the worm!
The worm is severely wounded.
The worm bites you!
You die...

#.# #.# #.#
..#####.##
.........#
#######..#
#..#####
#......###.#
##.###@w...#
#.# #..##.#
#.# #..# #.#
#..# #.#
#..# #.#
#.!# #.#
#..# #..#


You could see a worm.

Vanquished Creatures
  2 dart slugs (D:1)
  4 giant cockroaches (D:1)
  2 goblins (D:1)
  A hobgoblin (D:1)
  A ball python (D:1)
  2 bats (D:1)
  4 frilled lizards (D:1)
  4 kobolds (D:1)
  2 rats (D:1)
22 creatures vanquished.

Notes
Turn   | Place    | Note
-------+----------+-------------------------------------------
     0 | Abyss:1  | croobank the Formicid Abyssal Knight began the quest for
                  | the Orb.
     0 | Abyss:1  | Reached XP level 1. HP: 18/18 MP: 2/2
    30 | Abyss:2  | Found a corrupted altar of Lugonu.
    41 | Abyss:2  | Noticed a raiju
    57 | D:1      | Escaped the Abyss
   172 | D:1      | Reached skill level 1 in Dodging
   182 | D:1      | Reached * piety under Lugonu
   205 | D:1      | Reached XP level 2. HP: 23/24 MP: 3/3
   581 | D:1      | Reached XP level 3. HP: 23/29 MP: 4/4
  1018 | D:2      | Slain by a worm

Illustrated notes

Levels and vault maps discovered:
D:1:      sevenhm_arrival_forest_fort_large_2, layout_basic, st_stairs_12,
          kennysheep_nondescript
D:2:      layout_loops_ring, ebering_dispersal_statue_hall, grunt_decor_cap,
          kennysheep_generic_room_11

Skill      XL: |  1 |
---------------+----+-----
Dodging        | 1 |  1.3
Fighting       | |  3.5
Axes           | |  2.3
Armour         | |  2.5
Invocations    | |  2.6

Action                   || total
-------------------------++-------
Melee: Hand axe          ||    53
Invok: Depart the Abyss  ||     1
Armor: Leather armour    ||    20
Dodge: Dodged            ||    30

Table legend: (Time is in decaauts)
 A = Elapsed time spent in this place.
 B = Non-inter-level travel time spent in this place.
 C = Inter-level travel time spent in this place.
 D = Time resting spent in this place.
 E = Time spent auto-exploring this place.
 F = Levels seen in this place.
 G = Mean time per level.
                   A        B        C        D        E       F      G
               +--------+--------+--------+--------+--------+-----+--------+
         Total |   1027 |    983 |     44 |      0 |    717 |   4 |  256.8 |
       Dungeon |    970 |    926 |     44 |      0 |    700 |   2 |  485.0 |
         Abyss |     56 |     56 |      0 |      0 |     17 |   2 |   28.0 |
               +--------+--------+--------+--------+--------+-----+--------+

Top non-repeatable levels by time:
     D:1: 899 daAuts
     D:2: 71 daAuts
 Abyss:2: 31 daAuts
 Abyss:1: 25 daAuts
